 Dungeon Crawl Stone Soup version 0.19.0-11-g3fc08b3 (webtiles) character file.

88 SaltIsReal the Shooter (level 4, -8/25 HPs)
             Began as a Deep Elf Hunter on Nov 9, 2016.
             Was an Initiate of Cheibriados.
             Killed by divine providence
             ... invoked by an orc priest
              (10 damage)
             ... on level 3 of the Dungeon.
             The game lasted 00:04:55 (2234 turns).

SaltIsReal the Shooter (Deep Elf Hunter)            Turns: 2234, Time: 00:04:56

Health: -8/25      AC:  5    Str: 11    XL:     4   Next: 29%
Magic:  6/6        EV: 11    Int: 17    God:    Cheibriados [......]
Gold:   193        SH:  0    Dex: 16    Spells: 0 memorised, 3 levels left

rFire  . . .     SeeInvis .     a - +1 shortbow
rCold  . . .     Gourm    .     h - +0 ring mail
rNeg   . . .     Faith    .     (shield currently unavailable)
rPois  .         Spirit   .     (no helmet)
rElec  .         Reflect  .     (no cloak)
rCorr  .         Harm     .     (no gloves)
MR     .....                    (no boots)
Stlth  +.........               (no amulet)
                                (no ring)
                                (no ring)

@: very slow
A: no striking features
a: Bend Time, Renounce Religion


You were on level 3 of the Dungeon.
You worshipped Cheibriados.
Cheibriados was noncommittal.
You were hungry.

You visited 1 branch of the dungeon, and saw 3 of its levels.

You collected 193 gold pieces.

Inventory:

Hand Weapons
 a - a +1 shortbow (weapon)
 b - a +0 short sword
Missiles
 d - 12 arrows (quivered)
 i - 3 javelins
Armour
 c - a +0 leather armour
 h - a +0 ring mail (worn)
 t - a +0 chain mail
Jewellery
 p - a cursed ring of loudness {unknown}
 q - a +5 ring of dexterity {unknown}
Scrolls
 g - a scroll of immolation {unknown}
 s - 2 scrolls of remove curse
 v - a scroll of recharging {unknown}
Potions
 e - a potion of resistance
 l - 3 potions of mutation
 o - a potion of curing {unknown}
 u - a potion of ambrosia {unknown}
Comestibles
 f - 2 bread rations
 m - 8 fruits
 n - 2 meat rations
 r - a beef jerky


   Skills:
 - Level 1.5 Fighting
 * Level 6.3 Bows
 - Level 2.4 Dodging
 - Level 1.2 Stealth
 + Level 0.2 Invocations


You had 3 spell levels left.
You didn't know any spells.

Dungeon Overview and Level Annotations

Branches:
Dungeon (3/15)

Altars:
Cheibriados


Message History

Firing (i - inventory. (,) - cycle):
d - 14 arrows (quivered)
Press: ? - help, Shift-Dir - straight line, f/p - orc priest
Aim: an orc priest, wielding a club and wearing a ring mail (almost dead)
You shoot an arrow.
The arrow closely misses the orc wizard.
The arrow hits the orc priest but does no damage.
The orc priest is almost dead.
The orc wizard barely misses you.
Firing (i - inventory. (,) - cycle):
d - 13 arrows (quivered)
Press: ? - help, Shift-Dir - straight line, f/p - orc priest
Aim: an orc priest, wielding a club and wearing a ring mail (almost dead)
You shoot an arrow.
The arrow hits the orc wizard but does no damage.
The orc wizard is heavily wounded.
The orc wizard casts a spell at you. The puff of flame hits you!
* * * LOW HITPOINT WARNING * * *
The orc priest invokes the aid of Beogh against you.
Beogh smites you!
You die...

,* *,,,,#(*#.# ** *****#(##(#
#..#.# *#.#.# #...#
******######((###
*,,,,,.......o..#
*,*****######o#.# *,* #@#.# *,*
#.#.# *,* #.#.# *,* #.#.#
****,###########.#.#
,,,,,#..........>#.##############
*****#.###########...............
#.# ###<################## #.#
#..........#..........


You could see an orc priest and an orc wizard.

Vanquished Creatures
  2 adders (D:3)
  2 worms (D:2)
  A dart slug (D:1)
  3 leopard geckos
  An orc (D:3)
  3 bats
  3 giant cockroaches
  5 goblins
  10 hobgoblins
  6 jackals (D:2)
  A frilled lizard (D:1)
  7 kobolds
  10 rats
54 creatures vanquished.

Notes
Turn   | Place    | Note
-------+----------+-------------------------------------------
     0 | D:1      | SaltIsReal the Deep Elf Hunter began the quest for the Orb.
     0 | D:1      | Reached XP level 1. HP: 12/12 MP: 3/3
   530 | D:1      | Reached skill level 5 in Bows
   530 | D:1      | Reached XP level 2. HP: 16/16 MP: 4/4
   967 | D:2      | Reached XP level 3. HP: 13/20 MP: 5/5
  1206 | D:2      | Found a snail-covered altar of Cheibriados.
  1244 | D:2      | Became a worshipper of Cheibriados the Contemplative
  1514 | D:2      | Reached skill level 6 in Bows
  1737 | D:3      | Reached XP level 4. HP: 25/25 MP: 6/6
  2216 | D:3      | HP: 1/25 [orc priest/divine providence (12)]
  2234 | D:3      | Killed from afar by an orc priest

Skill      XL: |  1  2  3 |
---------------+----------+-----
Bows           | 5 6 |  6.3
Fighting       | |  1.5
Dodging        | |  2.4
Stealth        | |  1.2
Invocations    | |  0.2

Action                   |  1- 3 |  4- 6 || total
-------------------------+-------+-------++-------
Melee: Short sword       |     5 |       ||     5
 Fire: Shortbow          |   118 |    33 ||   151
  Use: Scroll            |     8 |       ||     8
       Potion            |       |     2 ||     2
  Eat: Chunk             |     3 |     1 ||     4
Armor: Ring mail         |    17 |     3 ||    20
Dodge: Dodged            |    25 |     7 ||    32
